AoeStats
← Falconz

MegaRandom

510024629Analyzed
2v2 RM · 3d ago on Sep 29, 2026· 27m 51s· 4 players
Game mode
Random Map
Map size
Medium (4 player)
Population
200
Speed
Normal
Resources
Standard
Victory
Conquest
Starting age
Dark Age
Ending age
Imperial Age
RankedLock teamsTeams togetherTeam positionsShared explorationLock speedFull tech treeHidden civsTurbo modeCheats
Victory
Defeat
🇨🇴 Ethiopians · Colombia
1166
+15
🇨🇴 Franks · Colombia
1146
+15
🇲🇽 Mongols · Mexico
1140
-15
🇫🇷 Magyars · France
1128
-15
[SAPR] Janstonbeats
1:08 Loom
1:18 Loom
9:26 Feudal Age
12:50 Double-Bit Axe
16:24 Horse Collar
17:07 Scale Barding Armor
23:15 Castle Age
22:26 Bloodlines
Superpajarraco
0:28 Loom
9:01 Feudal Age
9:04 Man-at-Arms
12:14 Double-Bit Axe
14:06 Fletching
21:54 Castle Age
20:44 Scale Barding Armor
24:50 Chain Barding Armor
25:05 Bloodlines
25:47 Bow Saw
Hex
0:37 Loom
13:02 Feudal Age
14:12 Double-Bit Axe
19:01 Castle Age
17:20 Fletching
18:20 Padded Archer Armor
18:19 Horse Collar
19:10 Crossbowman
20:00 Bodkin Arrow
20:16 Bow Saw
22:56 Thumb Ring
25:14 Forging
Falconz
0:47 Loom
12:07 Feudal Age
16:53 Double-Bit Axe
22:04 Forging
22:59 Scale Barding Armor
24:40 Gold Mining
28:19 Castle Age
Connection lost

Rejoining the realm…

Still unreachable

The connection could not be restored.

Session expired

The server has moved on; the page needs a fresh start.